 Dungeon Crawl Stone Soup version 0.31-a0-986-g5e6e4ef867 (webtiles) character file.

Game seed: 9471733639627240781

13624 Vomitron the Covert (level 11, -21/53 HPs)
             Began as a Spriggan Enchanter on Nov 5, 2023.
             Was an Elder of Wu Jian.
             Demolished by a death yak (26 damage)
             ... on level 1 of the Lair of Beasts.
             The game lasted 00:34:43 (11638 turns).

Vomitron the Covert (Spriggan Enchanter)           Turns: 11638, Time: 00:34:43

Health: -21/53     AC:  4    Str:  4    XL:     11   Next: 78%
Magic:  18/21      EV: 41    Int: 18    God:    Wu Jian [****..]
Gold:   1161       SH:  0    Dex: 25    Spells: 10/22 levels left

rFire   . . .        j - +1 short sword (flame)
rCold   . . .        (no shield)
rNeg    . . .        z - +0 troll leather armour
rPois   .            (helmet restricted)
rElec   .            x - +0 cloak
rCorr   .            (gloves unavailable)
SInv    +            (boots unavailable)
Will    ++...        P - amulet of the acrobat
Stlth   ++++++       y - ring of willpower
HPRegen 1.08/turn    Q - +6 ring of dexterity
MPRegen 0.17/turn

%: acrobat
@: confusing by touch, acrobatic, very quick
A: very small, no large weapons, unfitting armour, see invisible, speed 3
a: Renounce Religion, Wall Jump, Serpent's Lash


You were on level 1 of the Lair of Beasts.
You worshipped Wu Jian.
Wu Jian was greatly pleased with you.
You visited 3 branches of the dungeon, and saw 13 of its levels.
You also visited: Bailey.

You collected 1161 gold pieces.

Inventory:

Hand Weapons
 a - a +1 dagger
 j - a +1 short sword of flaming (weapon)
 r - a +4 dagger
 D - the +5 dagger of Disaster {heavy, rF- Will++ rCorr Str+2}
   (You took it off a gnoll bouda in a bailey)

   Str+2:     It affects your strength (+2).
   rF-:       It makes you vulnerable to fire.
   Will++:    It greatly increases your willpower.
   rCorr:     It protects you from acid and corrosion.
 F - the +10 sling "Tudyxtasuc" {heavy, rF- Int+4 Stlth+}
   (You found it on level 10 of the Dungeon)

   Int+4:     It affects your intelligence (+4).
   rF-:       It makes you vulnerable to fire.
   Stlth+:    It makes you more stealthy.
Missiles
 m - 23 poisoned darts (quivered)
 p - a curare-tipped dart
 B - 4 throwing nets
Armour
 b - a +1 robe
 x - a +0 cloak (worn)
 z - a +0 troll leather armour (worn)
 G - +0 acid dragon scales
 M - a +2 buckler
Jewellery
 e - an amulet of reflection
 h - a ring of magical power
 s - a ring of fire
 u - a ring of protection from fire
 y - a ring of willpower (left hand)
 C - the ring of Qyubig {rPois rF- rC+ Str-5 Dex+8}
   (You took it off a gnoll bouda in a bailey)

   [ring of protection from cold]

   Str-5:     It affects your strength (-5).
   Dex+8:     It affects your dexterity (+8).
   rF-:       It makes you vulnerable to fire.
   rC+:       It protects you from cold.
   rPois:     It protects you from poison
 P - an amulet of the acrobat (around neck)
 Q - a +6 ring of dexterity (right hand)
Wands
 A - a wand of roots (5)
 H - a wand of polymorph (5)
 J - a wand of mindburst (6)
 K - a wand of quicksilver (4)
Scrolls
 d - 2 scrolls of enchant armour
 i - 3 scrolls of enchant weapon
 o - 6 scrolls of identify
 q - 4 scrolls of fear
 t - 2 scrolls of poison
 v - 2 scrolls of noise
 w - 4 scrolls of teleportation
 L - a scroll of revelation
 O - a scroll of immolation
Potions
 c - 3 potions of invisibility
 f - 2 potions of berserk rage
 g - 6 potions of curing
 k - 2 potions of might
 l - 2 potions of degeneration
 n - 2 potions of cancellation
 E - 4 potions of heal wounds
 I - 2 potions of enlightenment
 N - 2 potions of haste {unknown}


   Skills:
 + Level 3.9 Fighting
 - Level 10.0 Short Blades
 - Level 11.1 Dodging
 + Level 13.9 Stealth
 - Level 6.0 Spellcasting
 + Level 11.0 Hexes
 + Level 4.9 Poison Magic


You had 10 spell levels left.
You knew the following spells:

 Your Spells              Type           Power      Damage    Failure   Level
a - Ensorcelled Hibernat  Hex/Ice        50%        N/A       3%          2
b - Tukima's Dance        Hex            45%        N/A       1%          3
c - Confusing Touch       Hex            45%        N/A       1%          3
d - Olgreb's Toxic Radia  Pois           23%        N/A       28%         4

Your spell library contained the following spells:

 Spells                   Type           Power      Damage    Failure   Level
 Dazzling Flash           Conj/Hex       50%        N/A       7%          3
 Summon Guardian Golem    Hex/Summ       25%        N/A       7%          3
 Sting                    Tmut/Pois      56%        1d5       8%          1
 Poisonous Vapours        Pois/Air       28%        N/A       12%         2
 Summon Small Mammal      Summ           20%        N/A       22%         1
 Mephitic Cloud           Conj/Pois/Air  11%        N/A       32%         3
 Silence                  Hex/Air        12%        N/A       52%         5
 Call Canine Familiar     Summ           5%         N/A       54%         3
 Hailstorm                Conj/Ice       5%         3d4       54%         3
 Summon Ice Beast         Ice/Summ       5%         N/A       91%         4
 Agony                    Necr           5%         N/A       99%         5
 Freezing Cloud           Conj/Ice/Air   2%         6-21      99%         5
 Simulacrum               Ice/Necr       2%         N/A       100%        6


Dungeon Overview and Level Annotations

Branches:
Dungeon (11/15)            Temple (1/1) D:5            Lair (1/5) D:9
    Orc (0/2) D:9          Bailey (visited)

Altars:
Ashenzari
Cheibriados
Dithmenos
Elyvilon
Fedhas
Gozag
Hepliaklqana
Kikubaaqudgha
Makhleb
Nemelex Xobeh
Okawaru
Qazlal
Ru
Sif Muna
Trog
Uskayaw
Vehumet
Wu Jian
Xom
Yredelemnul
Zin
The Shining One

Shops:
D:3 *   D:9 (   D:11 *(

Annotations:
D:10 wireframewife's ghost, journeyman BaIE


Innate Abilities, Weirdness & Mutations

You are very small and have problems with some larger weapons.
You are too small for most types of armour.
You have supernaturally acute eyesight. (SInv)
You cover ground extremely quickly. (Speed+++)


Message History

The cane toad looks drowsy...
You feel very sick.
Unknown command.
Unknown command.
The helpless cane toad fails to defend itself.
You stick the cane toad like a pincushion!!!!
You burn the cane toad.
You kill the cane toad!
The Council accepts your kill.
You feel sick.
You start resting.
You feel very sick.
You feel sick. x7
You are no longer poisoned.
You start resting.
HP restored.
You start resting.
Magic restored.
You see here a cane toad corpse.
f - 2 potions of berserk rage (gained 1)
o - 6 scrolls of identify (gained 1)
You see here a cane toad corpse.
I - 2 potions of enlightenment (gained 1)
Okay, then.
The death yak bellows!
Casting: Ensorcelled Hibernation (safe; 3% risk of failure)
Confirm with . or Enter, or press ? or * to list all spells.
Your hands begin to glow red.
You barely miss the death yak. You hit the death yak but do no damage.
The death yak gores you!
You hit the death yak but do no damage. You hit the death yak but do no damage.
The death yak gores you!
You hit the death yak but do no damage. You hit the death yak but do no damage.
You punch the death yak, but do no damage.
The death yak gores you!!
* * * LOW HITPOINT WARNING * * *
The death yak attacks as it pursues you!
The death yak gores you!!
You die...

# ###.....# #.... #....##
#.... #....# #.... ## #....#
###.... ####P##....#######
#.#.... #......##P.......#
#...... ##....####.......##
#...... #.....P###..Y.....#
#...... ##....###...@....##
#...... #....##.#.......##
##......
#................####....)..
#........####...........####
##...†.....# #...........##
#.........## #............#
##........# #...........##
##.#.##.## #####.##P####
######## ######


You could see a death yak.

Vanquished Creatures
  5 two-headed ogres
  A death yak (Lair:1)
  A boulder beetle (D:11)
  Pikel (D:7)
  An ugly thing (D:8)
  An unseen horror (D:6)
  2 cane toads (Lair:1)
  Psyche (D:9)
  A kobold demonologist (D:6)
  4 trolls
  Prince Ribbit (D:7)
  A hornet (D:9)
  3 yaks (Lair:1)
  Grum (Bailey)
  A steam dragon (D:7)
  3 acid dragons (D:10)
  A water moccasin (D:7)
  A sky beast (D:8)
  2 black bears
  3 orc warriors
  An ice beast (D:6)
  An ogre (D:4)
  7 wolves (Bailey)
  A lemure (D:7)
  4 centaurs
  2 bullfrogs
  5 kobold brigands (D:6)
  7 gnoll sergeants (Bailey)
  4 scorpions
  4 wights
  5 killer bees (D:11)
  4 howler monkeys
  7 gnoll boudas (Bailey)
  13 orc priests
  4 hounds
  2 jellies (D:6)
  Crazy Yiuf (D:7)
  3 iguanas
  9 orc wizards
  13 gnolls
  5 adders
  A shadow imp (D:6)
  A white imp (D:5)
  4 ufetubi
  A worm (D:4)
  2 dart slugs
  42 orcs
  4 ball pythons
  13 endoplasms
  2 giant cockroaches
  8 goblins
  6 hobgoblins
  4 jackals (D:1)
  A quokka (D:4)
  9 bats
  10 kobolds
  6 rats
251 creatures vanquished.

Vanquished Creatures (collateral kills)
  A gnoll sergeant (D:6)
  4 wights
5 creatures vanquished.

Vanquished Creatures (others)
  A dancing weapon (D:6)
  An orc (D:9)
2 creatures vanquished.

Grand Total: 258 creatures vanquished

Notes
Turn   | Place    | Note
-------+----------+-------------------------------------------
     0 | D:1      | Vomitron the Spriggan Enchanter began the quest for the
                  | Orb.
     0 | D:1      | Reached XP level 1. HP: 9/9 MP: 5/5
   226 | D:1      | Reached XP level 2. HP: 13/13 MP: 6/6
   660 | D:1      | Reached XP level 3. HP: 16/16 MP: 8/8
   670 | D:1      | Learned a level 2 spell: Ensorcelled Hibernation
   943 | D:2      | Found a faded altar of an unknown god.
  1037 | D:2      | Found a hide-covered altar of Uskayaw.
  1047 | D:2      | Reached skill level 5 in Stealth
  1055 | D:2      | Learned a level 3 spell: Tukima's Dance
  1669 | D:3      | Reached XP level 4. HP: 5/21 MP: 0/9
  1983 | D:3      | Found Gywun's Assorted Antiques.
  2823 | D:4      | Noticed an ogre
  3035 | D:4      | Killed an ogre
  3036 | D:4      | Reached XP level 5. HP: 24/24 MP: 10/10
  3176 | D:4      | Reached skill level 6 in Stealth
  3179 | D:4      | Reached XP level 6. HP: 28/28 MP: 11/11
  3200 | D:4      | Reached skill level 5 in Hexes
  3515 | D:4      | Found Zefizuph's Tremendous Tomes.
  3621 | D:5      | Entered Level 5 of the Dungeon
  3864 | D:5      | Reached skill level 5 in Short Blades
  3872 | D:5      | Identified the +2 pair of gloves "Kyx Xur" {rElec rC-
                  | Regen+ Int+6}
  3892 | D:5      | Found a staircase to the Ecumenical Temple.
  4017 | Temple   | Entered the Ecumenical Temple
  4032 | Temple   | Became a worshipper of the Wu Jian Council
  4043 | Temple   | Learned a level 3 spell: Confusing Touch
  4118 | D:5      | Reached skill level 5 in Dodging
  4118 | D:5      | Reached XP level 7. HP: 32/32 MP: 12/12
  4336 | D:6      | Noticed a kobold demonologist
  4453 | D:6      | Reached skill level 7 in Stealth
  4677 | D:6      | Killed a kobold demonologist
  4784 | D:6      | Reached XP level 8. HP: 36/36 MP: 15/15
  4848 | D:6      | Reached skill level 8 in Stealth
  5100 | D:6      | Reached * piety under Wu Jian
  5376 | D:6      | Reached skill level 5 in Spellcasting
  5413 | D:6      | Noticed an unseen horror
  5419 | D:6      | Killed an unseen horror
  5420 | D:6      | Reached skill level 9 in Stealth
  5603 | D:6      | Reached XP level 9. HP: 39/39 MP: 18/18
  6089 | D:7      | Identified the +3 ring mail of Heabb {Rampage Int+4 Stlth+}
  6229 | D:7      | Noticed Pikel
  6229 | D:7      | Noticed a two-headed ogre
  6259 | D:7      | Killed Pikel
  6260 | D:7      | Reached skill level 1 in Fighting
  6260 | D:7      | Reached skill level 10 in Stealth
  6277 | D:7      | Killed a two-headed ogre
  6367 | D:7      | Reached ** piety under Wu Jian
  6583 | D:7      | Noticed Prince Ribbit
  6585 | D:7      | Killed Prince Ribbit
  6888 | D:7      | Reached XP level 10. HP: 47/47 MP: 20/20
  7101 | D:7      | Found a runed translucent door.
  7102 | D:7      | Noticed Crazy Yiuf
  7124 | D:7      | Killed Crazy Yiuf
  7166 | D:8      | Reached skill level 11 in Stealth
  7658 | D:8      | Found a glowing golden altar of the Shining One.
  7869 | D:9      | Found a staircase to the Lair.
  7893 | D:9      | Noticed a cyan ugly thing
  7967 | D:9      | Found Astaumal's Antique Weapon Emporium.
  7984 | D:9      | Noticed Psyche
  8098 | D:8      | Killed a cyan ugly thing
  8188 | D:9      | Found a flagged portal.
  8198 | Bailey   | Entered a bailey
  8299 | Bailey   | Learned a level 4 spell: Olgreb's Toxic Radiance
  8372 | Bailey   | Reached *** piety under Wu Jian
  8385 | Bailey   | Noticed Grum
  8415 | Bailey   | Reached skill level 1 in Poison Magic
  8472 | Bailey   | Killed Grum
  8575 | Bailey   | Identified the +6 chain mail of Makhleb, Protecting {MP+9
                  | Int+3}
  8621 | Bailey   | Reached skill level 12 in Stealth
  8720 | Bailey   | Identified the +5 dagger of Disaster {heavy, rF- Will++
                  | rCorr Str+2}
  8720 | Bailey   | Identified the ring of Qyubig {rPois rF- rC+ Str-5 Dex+8}
  8721 | Bailey   | Reached skill level 10 in Dodging
  9060 | D:9      | Found a staircase to the Orcish Mines.
  9325 | D:9      | Killed Psyche
  9489 | D:10     | Entered Level 10 of the Dungeon
  9494 | D:10     | Identified the +10 sling "Tudyxtasuc" {heavy, rF- Int+4
                  | Stlth+}
  9500 | D:10     | Found a transporter.
  9505 | D:10     | Noticed a two-headed ogre
  9505 | D:10     | Noticed wireframewife's ghost (journeyman BaIE)
  9508 | D:10     | Identified the +8 giant club of the Tiger {antimagic,
                  | Int+3}
  9508 | D:10     | Noticed a two-headed ogre
  9509 | D:10     | Found a transporter.
  9511 | D:10     | Noticed a two-headed ogre
  9511 | D:10     | Noticed a two-headed ogre
  9730 | D:10     | Reached XP level 11. HP: 52/52 MP: 21/21
  9966 | D:10     | Found a white marble altar of Elyvilon.
  9979 | D:10     | Reached skill level 10 in Hexes
 10142 | D:10     | Killed a two-headed ogre
 10146 | D:10     | Killed a two-headed ogre
 10174 | D:10     | Killed a two-headed ogre
 10175 | D:10     | Reached skill level 13 in Stealth
 10185 | D:10     | Killed a two-headed ogre
 10273 | D:11     | Noticed a boulder beetle
 10279 | D:11     | Killed a boulder beetle
 10312 | D:11     | Found Sothalak's Weapon Emporium.
 10356 | D:11     | Reached **** piety under Wu Jian
 10380 | D:11     | Found Zin's Purification Station.
 10385 | D:11     | Found a glowing silver altar of Zin.
 11121 | Lair:1   | Entered Level 1 of the Lair of Beasts
 11141 | Lair:1   | Lost strength.
 11173 | Lair:1   | Noticed a death yak
 11173 | Lair:1   | Noticed a death yak
 11201 | Lair:1   | Reached skill level 10 in Short Blades
 11284 | Lair:1   | Noticed a death yak
 11287 | Lair:1   | Noticed a death yak
 11323 | Lair:1   | Noticed a death yak
 11442 | Lair:1   | Killed a death yak
 11638 | Lair:1   | Demolished by a death yak

Illustrated notes

Levels and vault maps discovered:
D:1:      wheals_arrival_shading, layout_loops_ring, amethyst_killhole,
          kennysheep_nondescript
D:2:      layout_rooms, ebering_ecumenical_altar_sacrificial, basic_altar
D:3:      layout_basic, serial_shops, nicolae_shop_behind_doors,
          minmay_misc_feat_tower, minmay_misc_feat_square
D:4:      layout_rooms, nicolae_shop_i_like_big_books, minmay_misc_feat_doors
D:5:      layout_basic, minmay_temple_entry_crystal_x, kennysheep_donut,
          minmay_misc_feat_encased
D:6:      layout_cave_pods
D:7:      layout_loops_ring, uniq_pikel, uniq_crazy_yiuf_cottage,
          uniq_prince_ribbit1
D:8:      layout_loops_ring, mainiacjoe_overflow_alcove_4,
          david_defended_altar_orc
D:9:      layout_rooms, lair_entry_dummy, orc_0_dummy, enter_bailey_2,
          serial_shops, shop, uniq_psyche
D:10:     layout_cave_pools, lemuel_tele_altar, gammafunk_ghost_smash,
          chequers_serial_rivers_small_a
D:11:     layout_basic, serial_shops, shop, zin_purify
Temple:   nicolae_temple_bog_church
Lair:1:   layout_cellular_growth

Skill      XL: |  1  2  3  4  5  6  7  8  9 10 11 |
---------------+----------------------------------+-----
Dodging        | 3 4 5 7 8 10 11 | 11.1
Short Blades   | 2 3 4 5 6 8 9 10 | 10.0
Hexes          | 4 5 6 7 8 9 11 | 11.0
Stealth        | 5 6 7 9 10 12 13 | 13.9
Spellcasting   | 4 5 6 |  6.0
Fighting       | 2 3 |  3.9
Poison Magic   | 2 4 |  4.9

Action                     |  1- 3 |  4- 6 |  7- 9 | 10-12 || total
---------------------------+-------+-------+-------+-------++-------
  Melee: Dagger            |   151 |       |       |       ||   151
         Short sword       |    13 |    84 |   199 |   406 ||   702
         Punch             |       |     3 |     2 |     4 ||     9
  Throw: Dart              |       |       |       |     3 ||     3
   Cast: Ensorcelled Hiber |     7 |    34 |    35 |   103 ||   179
         Tukima's Dance    |       |       |     5 |    14 ||    19
         Confusing Touch   |       |       |     3 |     5 ||     8
 Invoke: Serpent's Lash    |       |       |       |     2 ||     2
Ability: Lunge             |       |       |    27 |    49 ||    76
         Whirlwind         |       |       |     6 |    48 ||    54
    Use: Scroll            |       |    10 |     4 |     4 ||    18
         Potion            |       |       |       |     1 ||     1
   Stab: Sleeping          |    11 |    25 |    29 |    63 ||   128
         Distracted        |     1 |     2 |     2 |     1 ||     6
         Confused          |       |       |     3 |     4 ||     7
         Invisible         |       |       |       |     7 ||     7
 Armour: Robe              |    39 |    14 |    36 |     4 ||    93
         Troll leather arm |       |       |       |    82 ||    82
  Dodge: Dodged            |   117 |    48 |   125 |   236 ||   526
  Block: Other             |       |    10 |    32 |    53 ||    95
         Reflection        |       |     1 |       |     2 ||     3

Table legend: (Time is in decaauts)
 A = Elapsed time spent in this place.
 B = Non-inter-level travel time spent in this place.
 C = Inter-level travel time spent in this place.
 D = Time resting spent in this place.
 E = Time spent auto-exploring this place.
 F = Levels seen in this place.
 G = Mean time per level.
                   A        B        C        D        E       F      G
               +--------+--------+--------+--------+--------+-----+--------+
         Total |   8320 |   8069 |    251 |   1655 |   3929 |  14 |  594.3 |
       Dungeon |   7275 |   7025 |    250 |   1147 |   3926 |  11 |  661.4 |
        Temple |     26 |     26 |      0 |      0 |      0 |   1 |   26.0 |
          Lair |    378 |    378 |      0 |    156 |      2 |   1 |  378.0 |
        Bailey |    640 |    640 |      0 |    351 |      0 |   1 |  640.0 |
               +--------+--------+--------+--------+--------+-----+--------+

Top non-repeatable levels by time:
     D:6: 1215 daAuts
     D:3: 843 daAuts
     D:7: 763 daAuts
     D:4: 665 daAuts
     D:1: 657 daAuts
  Bailey: 640 daAuts
     D:9: 610 daAuts
    D:11: 555 daAuts
     D:5: 545 daAuts
    D:10: 530 daAuts
     D:8: 465 daAuts
     D:2: 423 daAuts
  Lair:1: 378 daAuts
  Temple: 26 daAuts
